 Dungeon Crawl Stone Soup version 0.28-a0-172-g787e458d71 (webtiles) character file.

Game seed: 6018590705563118955

153 hatdisgam the Sneak (level 5, -3/70 HPs)
             Began as a Gnoll Wanderer on Aug 17, 2021.
             Slain by a scorpion (4 damage)
             ... on level 3 of the Dungeon.
             The game lasted 00:06:50 (5552 turns).

hatdisgam the Sneak (Gnoll Wanderer)                Turns: 5552, Time: 00:06:51

Health: -3/70      AC:  6    Str:  9    XL:     5   Next: 35%
Magic:  7/7        EV:  8    Int: 13    God:
Gold:   88         SH:  0    Dex: 19    Spells: 6/6 levels left

rFire   . . .      SeeInvis .   r - +0 war axe
rCold   . . .      Faith    .   (no shield)
rNeg    . . .      Spirit   .   s - +0 scale mail
rPois   .          Reflect  .   (no helmet)
rElec   .          Harm     .   (no cloak)
rCorr   .          Rampage  .   (no gloves)
Will    .....                   (no boots)
Stlth   ..........              (no amulet)
HPRegen 0.21/turn               p - +6 ring of dexterity
MPRegen 0.10/turn               (no ring)

@: brilliant, berserking, lethally poisoned (-3 -> -18), very quick
A: fangs 1, strong nose, distributed training
a: no special abilities


You were on level 3 of the Dungeon.
You visited 1 branch of the dungeon, and saw 5 of its levels.

You collected 88 gold pieces.

Inventory:

Hand Weapons
 a - a +2 dagger
 c - a +0 quarterstaff
 r - a +0 war axe (weapon)
Missiles
 k - 161 stones
 m - 7 poisoned darts (quivered)
 n - 2 boomerangs
Armour
 e - a +0 robe
 s - a +0 scale mail (worn)
Jewellery
 p - a +6 ring of dexterity (left hand)
 w - a ring of ice
Scrolls
 b - a scroll of blinking
 d - a scroll of holy word {unknown}
 f - a scroll of acquirement {unknown}
 g - 2 scrolls of teleportation {unknown}
 h - a scroll of fear {unknown}
 j - 2 scrolls of amnesia {unknown}
 q - 2 scrolls of identify {unknown}
 u - a scroll of fog {unknown}
Potions
 o - a potion of might
 v - a potion of magic {unknown}


   Skills:
 + Level 6.7 Fighting
 + Level 1.4 Short Blades
 + Level 1.4 Long Blades
 + Level 1.4 Axes
 + Level 1.4 Maces & Flails
 + Level 1.4 Polearms
 + Level 3.0 Staves
 + Level 1.4 Slings
 + Level 1.4 Bows
 + Level 3.0 Crossbows
 + Level 1.4 Throwing
 + Level 3.0 Armour
 + Level 1.4 Dodging
 + Level 7.9 Stealth
 + Level 1.4 Shields
 + Level 1.4 Unarmed Combat
 + Level 1.4 Spellcasting
 + Level 1.1 Conjurations
 + Level 1.1 Hexes
 + Level 1.1 Summonings
 + Level 1.1 Necromancy
 + Level 1.1 Translocations
 + Level 1.1 Transmutations
 + Level 1.1 Fire Magic
 + Level 1.1 Ice Magic
 + Level 1.1 Air Magic
 + Level 1.1 Earth Magic
 + Level 1.1 Poison Magic
 + Level 1.6 Invocations
 + Level 1.4 Evocations


You had 6 spell levels left.
You didn't know any spells.
Your spell library was empty.

Dungeon Overview and Level Annotations

Branches:
Dungeon (5/15)
 Temple: D:4-7

Altars:
Ashenzari
Qazlal
Ru

Annotations:
D:4 Sigmund


Innate Abilities, Weirdness & Mutations

You have very sharp teeth.
Your uncanny sense of smell can sniff out nearby items.
Your experience applies equally to all skills.


Message History

The scorpion is heavily wounded.
The scorpion stings you. x2
* * * LOW HITPOINT WARNING * * *
You are poisoned.
The scorpion poisons you!
You barely miss the scorpion.
The scorpion is heavily wounded.
* * * LOW HITPOINT WARNING * * *
You feel very sick. The scorpion stings you.
* * * LOW HITPOINT WARNING * * *
You are more poisoned.
The scorpion poisons you!
It was a potion of curing.
You feel better.
The scorpion stings you but does no damage.
The scorpion stings you.
* * * LOW HITPOINT WARNING * * *
You are lethally poisoned!
The scorpion poisons you!
It was a potion of brilliance.
You feel clever all of a sudden.
* * * LOW HITPOINT WARNING * * *
You feel very sick. The scorpion stings you.
* * * LOW HITPOINT WARNING * * *
You are more poisoned.
The scorpion poisons you!
It was a potion of berserk rage.
A red film seems to cover your vision as you go berserk!
You feel yourself moving faster!
You feel mighty!
* * * LOW HITPOINT WARNING * * *
You feel very sick.
The scorpion stings you but does no damage.
Unknown command.
You closely miss the scorpion.
The scorpion is heavily wounded.
* * * LOW HITPOINT WARNING * * *
You feel very sick. The scorpion stings you.
You die...

.......###.#..##.#...............
..............##.#............<..
.......###.#...#.#...............
.......#...#.#.#.#...............
######.###.#.#.#.#...............
# #.....#.#...#............##.
############.##..###########...#.
.............##..#############.##
################@s.............##
# ################## # #


You could see a scorpion.

Vanquished Creatures
  A hound (D:5)
  An orc wizard (D:4)
  A gnoll (D:4)
  2 worms
  6 orcs
  4 ball pythons
  7 endoplasms
  3 giant cockroaches
  4 goblins
  13 hobgoblins
  5 quokkas
  8 bats
  3 frilled lizards
  3 kobolds
  8 rats
69 creatures vanquished.

Notes
Turn   | Place    | Note
-------+----------+-------------------------------------------
     0 | D:1      | hatdisgam the Gnoll Wanderer began the quest for the Orb.
     0 | D:1      | hatdisgam set off with the following items: a +2 dagger, a
                  | scroll of blinking, a +0 quarterstaff, a potion of
                  | lignification, a +0 robe
     0 | D:1      | Reached XP level 1. HP: 23/23 MP: 1/1
   279 | D:1      | Reached XP level 2. HP: 20/29 MP: 2/2
   815 | D:1      | Reached XP level 3. HP: 35/35 MP: 3/3
  1039 | D:1      | Found a faded altar of an unknown god.
  1894 | D:2      | Reached skill level 1 in Invocations
  2567 | D:2      | Reached skill level 1 in Short Blades
  2567 | D:2      | Reached skill level 1 in Long Blades
  2567 | D:2      | Reached skill level 1 in Axes
  2567 | D:2      | Reached skill level 1 in Maces & Flails
  2567 | D:2      | Reached skill level 1 in Polearms
  2567 | D:2      | Reached skill level 1 in Slings
  2567 | D:2      | Reached skill level 1 in Bows
  2567 | D:2      | Reached skill level 1 in Throwing
  2567 | D:2      | Reached skill level 1 in Dodging
  2567 | D:2      | Reached skill level 1 in Shields
  2567 | D:2      | Reached skill level 1 in Unarmed Combat
  2567 | D:2      | Reached skill level 1 in Spellcasting
  2567 | D:2      | Reached skill level 1 in Evocations
  3348 | D:2      | Reached XP level 4. HP: 17/41 MP: 5/5
  4552 | D:3      | Found a large runed translucent door.
  4552 | D:3      | Found a large runed translucent door.
  4664 | D:3      | You fall into a shaft and drop 1 floor!
  4664 | D:4      | Found a stormy altar of Qazlal.
  4665 | D:4      | Noticed a scorpion
  4743 | D:5      | Entered Level 5 of the Dungeon
  4817 | D:5      | Reached skill level 1 in Conjurations
  4817 | D:5      | Reached skill level 1 in Hexes
  4817 | D:5      | Reached skill level 1 in Summonings
  4817 | D:5      | Reached skill level 1 in Necromancy
  4817 | D:5      | Reached skill level 1 in Translocations
  4817 | D:5      | Reached skill level 1 in Transmutations
  4817 | D:5      | Reached skill level 1 in Fire Magic
  4817 | D:5      | Reached skill level 1 in Ice Magic
  4817 | D:5      | Reached skill level 1 in Air Magic
  4817 | D:5      | Reached skill level 1 in Earth Magic
  4817 | D:5      | Reached skill level 1 in Poison Magic
  4817 | D:5      | Reached XP level 5. HP: 44/47 MP: 6/6
  5081 | D:3      | Found a broken altar of Ashenzari.
  5085 | D:3      | Found a sacrificial altar of Ru.
  5500 | D:4      | Noticed Sigmund
  5552 | D:3      | HP: 1/70 [poisoned by a scorpion]
  5552 | D:3      | Slain by a scorpion

Illustrated notes

Levels and vault maps discovered:
D:1:      co_arrival_random_square_maze, layout_basic,
          dreamdust_ecumenical_altar_angels_and_demons, grunt_decor_one_mirror
D:2:      layout_rooms, moated_statue
D:3:      layout_basic, jmf_multi_god_temple2
D:4:      layout_loops_ring, nicolae_qazlal_general_emergency,
          minmay_misc_feat_plants, corexii_item_surrounded_by_moat, uniq_sigmund
D:5:      layout_rooms

Skill      XL: |  1  2  3  4  5 |
---------------+----------------+-----
Invocations    | 1 |  1.6
Short Blades   | 1 |  1.4
Long Blades    | 1 |  1.4
Axes           | 1 |  1.4
Maces & Flails | 1 |  1.4
Polearms       | 1 |  1.4
Slings         | 1 |  1.4
Bows           | 1 |  1.4
Throwing       | 1 |  1.4
Dodging        | 1 |  1.4
Shields        | 1 |  1.4
Unarmed Combat | 1 |  1.4
Spellcasting   | 1 |  1.4
Evocations     | 1 |  1.4
Conjurations   | 1 |  1.1
Hexes          | 1 |  1.1
Summonings     | 1 |  1.1
Necromancy     | 1 |  1.1
Translocations | 1 |  1.1
Transmutations | 1 |  1.1
Fire Magic     | 1 |  1.1
Ice Magic      | 1 |  1.1
Air Magic      | 1 |  1.1
Earth Magic    | 1 |  1.1
Poison Magic   | 1 |  1.1
Staves         | 3 |  3.0
Crossbows      | 3 |  3.0
Armour         | 3 |  3.0
Fighting       | |  6.7
Stealth        | |  7.9

Action                   |  1- 3 |  4- 6 || total
-------------------------+-------+-------++-------
Melee: Dagger            |   145 |       ||   145
       Bite              |    11 |     8 ||    19
       Quarterstaff      |    11 |       ||    11
       War axe           |     1 |    89 ||    90
Throw: Dart              |     4 |     2 ||     6
  Use: Potion            |       |     5 ||     5
 Stab: Sleeping          |    10 |     6 ||    16
Armor: Robe              |    30 |     1 ||    31
       Scale mail        |       |    45 ||    45
       Skin              |       |     8 ||     8
Dodge: Dodged            |    92 |    36 ||   128

Table legend: (Time is in decaauts)
 A = Elapsed time spent in this place.
 B = Non-inter-level travel time spent in this place.
 C = Inter-level travel time spent in this place.
 D = Time resting spent in this place.
 E = Time spent auto-exploring this place.
 F = Levels seen in this place.
 G = Mean time per level.
                   A        B        C        D        E       F      G
               +--------+--------+--------+--------+--------+-----+--------+
         Total |   5596 |   5194 |    402 |   1143 |   3031 |   5 | 1119.2 |
       Dungeon |   5596 |   5194 |    402 |   1143 |   3031 |   5 | 1119.2 |
               +--------+--------+--------+--------+--------+-----+--------+

Top non-repeatable levels by time:
     D:1: 2266 daAuts
     D:2: 1429 daAuts
     D:3: 1247 daAuts
     D:4: 494 daAuts
     D:5: 159 daAuts
